 Dungeon Crawl Stone Soup version 0.29.0-13-gc9e81de378 (webtiles) character file.

Game seed: 12784561954116843070

574 DoubleLucky the Firebug (level 7, 0/50 HPs)
             Began as a Black Draconian Fire Elementalist on Sept 10, 2022.
             Was an Initiate of Vehumet.
             Slain by Pikel
             ... wielding a +2 whip of flaming
              (2 damage)
             ... on level 4 of the Dungeon.
             The game lasted 00:15:37 (5475 turns).

DoubleLucky the Firebug (DrFE)                      Turns: 5475, Time: 00:15:38

Health: 0/50       AC:  7    Str: 11    XL:     7   Next: 12%
Magic:  0/14       EV: 12    Int: 17    God:    Vehumet [......]
Gold:   199        SH:  0    Dex: 11    Spells: 7/16 levels left

rFire   + . .      SeeInvis .   i - +3 whip
rCold   . . .      Faith    .   (no shield)
rNeg    . . .      Spirit   .   (body armour unavailable)
rPois   .          Reflect  .   (helmet restricted)
rElec   +          Harm     .   (no cloak)
rCorr   .          Rampage  .   l - +0 pair of gloves
Will    .....                   (no boots)
Stlth   ++........              (no amulet)
HPRegen 0.16/turn               o - ring of protection from fire
MPRegen 0.14/turn               (no ring)

@: invisible
A: breathe lightning, AC +6, unfitting armour, electricity resistance,
cold-blooded
a: Breathe Lightning, Renounce Religion


You were on level 4 of the Dungeon.
You worshipped Vehumet.
Vehumet was noncommittal.
You visited 2 branches of the dungeon, and saw 5 of its levels.

You collected 199 gold pieces.

Inventory:

Hand Weapons
 i - a +3 whip (weapon)
Armour
 l - a +0 pair of gloves (worn)
Magical Staves
 p - a staff of air
Jewellery
 o - a ring of protection from fire (left hand)
Scrolls
 b - 3 scrolls of vulnerability {unknown}
 d - a scroll of fear {unknown}
 f - a scroll of immolation {unknown}
 h - 3 scrolls of identify {unknown}
 k - 4 scrolls of poison {unknown}
 q - a scroll of teleportation {unknown}
Potions
 c - 2 potions of invisibility
 e - 2 potions of curing
 g - a potion of haste {unknown}
 j - 2 potions of ambrosia {unknown}
 m - 2 potions of resistance {unknown}
 n - a potion of attraction {unknown}


   Skills:
 - Level 1.7 Dodging
 - Level 1.7 Stealth
 - Level 5.0 Spellcasting
 - Level 4.0 Conjurations
 + Level 0.0 Hexes
 - Level 5.0 Fire Magic


You had 7 spell levels left.
You knew the following spells:

 Your Spells              Type           Power      Damage    Failure   Level
a - Foxfire               Conj/Fire      76%        2x1d7     2%          1
b - Scorch                Fire           42%        2d7       2%          2
c - Conjure Flame         Conj/Fire      19%        6-21      7%          3
d - Inner Flame           Hex/Fire       12%        N/A       16%         3

Your spell library contained the following spells:

 Spells                   Type           Power      Damage    Failure   Level
 Sublimation of Blood     Necr           4%         N/A       22%         2
 Flame Wave               Conj/Fire      19%        2d7       22%         4
 Ozocubu's Armour         Ice            4%         N/A       38%         3
 Petrify                  Tmut/Erth      4%         N/A       80%         4
 Irradiate                Conj/Tmut      5%         3d13      86%         5
 Metabolic Englaciation   Hex/Ice        2%         N/A       98%         5
 Simulacrum               Ice/Necr       2%         N/A       100%        6


Dungeon Overview and Level Annotations

Branches:
Dungeon (4/15)             Temple (1/1) D:4

Altars:
Ashenzari
Elyvilon
Gozag
Hepliaklqana
Kikubaaqudgha
Makhleb
Nemelex Xobeh
Okawaru
Qazlal
Ru
Sif Muna
Uskayaw
Vehumet
Zin
The Shining One

Annotations:
D:2 Terence
D:4 1 runed translucent door, Crazy Yiuf, Pikel


Innate Abilities, Weirdness & Mutations

You can breathe wild blasts of lightning.
Your glossy black scales are hard. (AC +6)
You cannot fit into any form of body armour.
You are resistant to electric shocks. (rElec)
You are cold-blooded and may be slowed by cold attacks.


Message History

You miss Pikel. You tail-slap Pikel, but do no damage.
Pikel is lightly wounded.
Pikel hits you but does no damage.
You hit Pikel but do no damage.
Your tail-slap misses Pikel.
Pikel is lightly wounded.
Pikel closely misses you.
You barely miss Pikel.
Pikel is lightly wounded.
Pikel barely misses you.
Casting: Foxfire (safe; 2% risk of failure)
Confirm with . or Enter, or press ? or * to list all spells.
You conjure some foxfire!
Pikel hits you with a +2 whip of flaming.
Pikel burns you.
You closely miss Pikel.
Your tail-slap misses Pikel.
Pikel is lightly wounded.
The foxfire hits Pikel but does no damage.
Pikel is lightly wounded.
The foxfire hits Pikel!
Pikel is moderately wounded.
Pikel hits you with a +2 whip of flaming.
You hit Pikel but do no damage.
Pikel is moderately wounded.
Pikel closely misses you.
Pikel hits you with a +2 whip of flaming.
You hit Pikel.
Pikel is heavily wounded.
Pikel hits you with a +2 whip of flaming!
* * * LOW HITPOINT WARNING * * *
You feel better.
Pikel hits you with a +2 whip of flaming.
* * * LOW HITPOINT WARNING * * *
Pikel burns you.
* * * LOW HITPOINT WARNING * * *
It was a potion of invisibility.
You fade into invisibility!
Pikel hits you with a +2 whip of flaming!
* * * LOW HITPOINT WARNING * * *
Pikel burns you.
You die...

##########################
#....>............#......#
#.................#......#
#.................#......#
#.........@......##......#
#.........K......##......#
#.................†......#
##########'###############
#....##.##.# #..........#
#..........###♣♣ ###
#......5.....+.♣♣ ♣♣#..)#
#...............♣♣♣♣.+...#


You could see Pikel (unable to see you).

Vanquished Creatures
  An ogre (D:3)
  4 lemures (D:4)
  2 phantoms (D:4)
  A jelly (D:3)
  An orc priest (D:4)
  2 iguanas (D:3)
  2 orc wizards
  3 gnolls (D:4)
  4 adders
  A dart slug (D:1)
  3 worms
  14 orcs
  6 endoplasms
  3 giant cockroaches
  3 goblins
  7 hobgoblins
  2 jackals (D:1)
  A quokka (D:4)
  9 ball pythons
  4 bats
  3 frilled lizards
  8 kobolds
  5 rats
89 creatures vanquished.

Vanquished Creatures (others)
  322 foxfires
322 creatures vanquished.

Grand Total: 411 creatures vanquished

Notes
Turn   | Place    | Note
-------+----------+-------------------------------------------
     0 | D:1      | DoubleLucky the Draconian Fire Elementalist began the quest
                  | for the Orb.
     0 | D:1      | Reached XP level 1. HP: 14/14 MP: 3/3
   500 | D:1      | Reached XP level 2. HP: 20/20 MP: 1/5
   595 | D:1      | Learned a level 2 spell: Scorch
   648 | D:1      | Found a faded altar of an unknown god.
  1491 | D:2      | Noticed Terence
  1508 | D:1      | Reached XP level 3. HP: 24/26 MP: 0/6
  1948 | D:2      | Learned a level 3 spell: Conjure Flame
  2198 | D:2      | Reached XP level 4. HP: 33/33 MP: 4/7
  2843 | D:3      | Reached XP level 5. HP: 23/38 MP: 0/8
  3973 | D:4      | Noticed a phantom
  3982 | D:4      | Killed a phantom
  3983 | D:4      | Reached skill level 5 in Fire Magic
  3983 | D:4      | Reached XP level 6. HP: 45/45 MP: 1/10
  3988 | D:4      | Learned a level 3 spell: Inner Flame
  4634 | D:4      | Found a staircase to the Ecumenical Temple.
  5015 | Temple   | Entered the Ecumenical Temple
  5032 | Temple   | Became a worshipper of Vehumet
  5122 | D:4      | Reached skill level 5 in Spellcasting
  5122 | D:4      | Your scales start taking on a glossy black colour.
  5122 | D:4      | Reached XP level 7. HP: 50/50 MP: 4/14
  5122 | D:4      | Gained mutation: You are resistant to electric shocks.
                  | (rElec) [Black Draconian growth]
  5194 | D:4      | Found a runed translucent door.
  5195 | D:4      | Noticed Crazy Yiuf
  5370 | D:4      | Noticed Pikel
  5475 | D:4      | HP: 2/50 [Pikel/+2 whip of flaming (9)]
  5475 | D:4      | Slain by Pikel

Illustrated notes

Levels and vault maps discovered:
D:1:      dpeg_arrival_central, layout_basic,
          shapermc_ecumenical_altar_flowoftime, nicolae_titane
D:2:      layout_basic, uniq_terence
D:3:      layout_loops_ring, kennysheep_boxes
D:4:      layout_gridville, minmay_temple_entry_statues_fountains, uniq_pikel,
          uniq_crazy_yiuf_cottage
Temple:   hellmonk_temple_two_chambers

Skill      XL: |  1  2  3  4  5  6 |
---------------+-------------------+-----
Conjurations   | 2 3 4 |  4.0
Fire Magic     | 4 5 |  5.0
Spellcasting   | 5 |  5.0
Dodging        | |  1.7
Stealth        | |  1.7

Action                   |  1- 3 |  4- 6 |  7- 9 || total
-------------------------+-------+-------+-------++-------
Melee: Short sword       |     9 |       |       ||     9
       Whip              |     7 |    26 |    15 ||    48
       Tailslap          |     1 |     4 |     3 ||     8
       Punch             |       |       |     1 ||     1
 Cast: Foxfire           |    60 |   109 |    17 ||   186
       Scorch            |     9 |    23 |     6 ||    38
       Inner Flame       |       |     3 |     1 ||     4
       Conjure Flame     |       |     1 |       ||     1
  Use: Potion            |       |     1 |     3 ||     4
Armor: Skin              |     8 |    15 |     9 ||    32
Dodge: Dodged            |    19 |    30 |     8 ||    57
